AoeStats
← marc10der

Fortress

510510937Analyzed
1v1 RM · 20h ago on Oct 1, 2026· 65m 48s· 2 players
Game mode
Random Map
Map size
Small (3 player)
Population
200
Speed
Normal
Resources
Standard
Victory
Conquest
Starting age
Dark Age
Ending age
Imperial Age
RankedLock teamsTeams togetherTeam positionsShared explorationLock speedFull tech treeHidden civsTurbo modeCheats
Victory
Defeat
🇨🇭 Britons · Switzerland
772
+17
🇨🇭 Japanese · Switzerland
793
-17
sneakingfox
9:33 Feudal Age
8:28 Loom
10:39 Double-Bit Axe
10:36 Horse Collar
14:29 Castle Age
12:49 Stone Mining
18:59 Fletching
22:09 Wheelbarrow
24:37 Bow Saw
28:32 Imperial Age
26:58 Gold Mining
28:58 Ballistics
29:13 Warwolf
29:45 Bodkin Arrow
30:16 Conscription
31:04 Chemistry
32:02 Yeomen
32:38 Bracer
32:39 Padded Archer Armor
33:34 Murder Holes
37:53 Hoardings
40:04 Town Watch
42:03 Two-Man Saw
44:06 Gold Shaft Mining
46:12 Town Patrol
45:45 Elite Longbowman
60:47 Spies/Treason
61:00 Spies/Treason
marc10der
9:58 Feudal Age
15:23 Castle Age
14:17 Horse Collar
23:05 Imperial Age
20:27 Double-Bit Axe
21:06 Gold Mining
23:19 Heavy Plow
27:26 Stone Mining
30:48 Gold Shaft Mining
33:50 Wheelbarrow
33:01 Loom
33:02 Town Watch
37:34 Bow Saw
38:16 Hand Cart
41:11 Squires
40:31 Pikeman
42:15 Elite Skirmisher
44:43 Two-Man Saw
45:07 Padded Archer Armor
44:57 Fletching
44:29 Halberdier
45:00 Arson
46:33 Forging
46:24 Scale Mail Armor
48:13 Bodkin Arrow
48:34 Leather Archer Armor
49:01 Chain Mail Armor
49:22 Iron Casting
49:25 Gambesons
49:01 Man-at-Arms
51:02 Ballistics
51:18 Long Swordsman
53:03 Blast Furnace
Connection lost

Rejoining the realm…

Still unreachable

The connection could not be restored.

Session expired

The server has moved on; the page needs a fresh start.